 Dungeon Crawl Stone Soup version 0.29-a0-322-g68df515428 (webtiles) character file.

Game seed: 5998834846672963152

1 jt the Sneak (level 1, 0/18 HPs)
             Began as a Deep Dwarf Delver on Apr 5, 2022.
             Slain by Natasha (5 damage)
             ... on level 4 of the Dungeon.
             The game lasted 00:01:06 (96 turns).

jt the Sneak (Deep Dwarf Delver)                      Turns: 96, Time: 00:01:07

Health: 0/18       AC:  0    Str: 15    XL:     1   Next: 16%
Magic:  1/1        EV: 20    Int: 10    God:
Gold:   0          SH:  0    Dex: 21    Spells: 0/0 levels left

rFire   . . .      SeeInvis +   (weapon currently unavailable)
rCold   . . .      Faith    .   (shield currently unavailable)
rNeg    . . .      Spirit   .   (body armour currently unavailable)
rPois   .          Reflect  .   (helmet currently unavailable)
rElec   .          Harm     .   (cloak currently unavailable)
rCorr   .          Rampage  .   (gloves currently unavailable)
Will    .....                   (boots currently unavailable)
Stlth   ++++......              (no amulet)
HPRegen 0.00/turn               (ring currently unavailable)
MPRegen 0.07/turn               (ring currently unavailable)

@: bat-form, flying, slowed, quick
A: fast, flying, no casting, damage resistance, heal wounds, tiny, sense
surroundings 1, no regeneration, see invisible, agile 1, frail 1
a: Heal Wounds


You were on level 4 of the Dungeon.
You were a bat.
You visited 1 branch of the dungeon, and saw 2 of its levels.

Inventory:

Hand Weapons
 a - a +1 hand axe (melded)
Missiles
 h - 20 stones
 k - 3 poisoned darts
Armour
 b - a +0 leather armour
 l - a +0 buckler (melded)
 o - a +0 plate armour (melded)
Wands
 g - a wand of digging (3)
Scrolls
 c - a scroll of fog
 d - a scroll of magic mapping
 e - a scroll of fear
 m - a scroll of enchant armour
Potions
 f - 2 potions of haste


   Skills:
 + Level 2.7 Fighting
 + Level 2.2 Axes
 - Level 2.1 Dodging
 - Level 6.0 Stealth
 + Level 0.0 Shields
 + Level 0.2 Evocations


You couldn't memorise any spells.
You didn't know any spells.
Your spell library was empty.

Dungeon Overview and Level Annotations

Branches:
Dungeon (5/15)
 Temple: D:4-7

Altars:

Annotations:
D:4 Natasha


Innate Abilities, Weirdness & Mutations

You are a bat.
You are tiny and dextrous.
You move quickly.
You are flying.
Your equipment is almost entirely melded.
You are incapable of wielding weapons or throwing items.
You cannot cast spells.
You are resistant to damage.
You can heal yourself by infusing magical energy.
You passively map a small area around you.
You do not regenerate.
You have supernaturally acute eyesight. (SInv)
You are agile. (Dex +2)
You are frail. (-10% HP)


Message History

Natasha casts a spell at you. The magic dart hits you.
Natasha attacks as you move away! Natasha claws you!
Natasha casts a spell at you.
You feel as though you will be slow longer.
Okay, then.
As you read the scroll labelled DUOCSE HYXY, it crumbles to dust.
It is a scroll of identify.
m - a scroll of enchant armour Natasha mumbles some strange words.
You feel disoriented.
Natasha stares at you and mumbles some strange words.
You feel as though you will be slow longer.
Okay, then.
Okay, then.
Okay, then.
You fail to use your ability.
Natasha claws you.
You feel much better. Natasha misses you. Natasha completely misses you.
You barely miss Natasha.
Natasha is moderately wounded.
Natasha barely misses you.
You barely miss Natasha.
Natasha is moderately wounded.
Natasha casts a spell.
Natasha misses you.
You hit Natasha but do no damage.
Natasha is moderately wounded.
Natasha mumbles some strange words.
Natasha's front paws start to glow.
Natasha barely misses you.
You hit Natasha but do no damage.
Natasha is moderately wounded.
Natasha stares at you and mumbles some strange words.
You resist with significant effort. The shadow imp hits you. Natasha claws you!
Ouch! That really hurt!
* * * LOW HITPOINT WARNING * * *
The shadow imp picks up a beetle and eats it.
The shadow imp closely misses you.
You fail to use your ability.
Natasha claws you.
You die...

...........#
............##
.............#
#............#
*#...........#
#.........#
#........#
#...h...#
##.5b..##
#.....#
##.#..##
#..#### #.##
#.# #.# ##.#
######## #..#
#......#####


You could see Natasha and a shadow imp (summoned).

Vanquished Creatures
  A giant cockroach (D:4)
1 creature vanquished.

Notes
Turn   | Place    | Note
-------+----------+-------------------------------------------
     0 | D:5      | jt the Deep Dwarf Delver began the quest for the Orb.
     0 | D:5      | Reached XP level 1. HP: 20/20 MP: 1/1
    81 | D:4      | Noticed Natasha
    83 | D:4      | Gained mutation: You are agile. (Dex +2) [potion of
                  | mutation]
    83 | D:4      | Gained mutation: You have supernaturally acute eyesight.
                  | (SInv) [potion of mutation]
    83 | D:4      | Gained mutation: You are frail. (-10% HP) [potion of
                  | mutation]
    96 | D:4      | Slain by Natasha

Illustrated notes

Levels and vault maps discovered:
D:4:      layout_cave_pods, grunt_decor_one_mirror, uniq_natasha
D:5:      layout_loops_ring, gammafunk_ghost_split,
          amcnicky_mini_corridor_feature, lightli_minifort, uniq_prince_ribbit1

Action                   || total
-------------------------++-------
Melee: Hand axe          ||     7
       Unarmed           ||     5
 Abil: Heal Wounds       ||     1
  Use: Scroll            ||     2
       Potion            ||     1
Armor: Leather armour    ||     2
       Plate armour      ||     1
Dodge: Dodged            ||    10

Table legend: (Time is in decaauts)
 A = Elapsed time spent in this place.
 B = Non-inter-level travel time spent in this place.
 C = Inter-level travel time spent in this place.
 D = Time resting spent in this place.
 E = Time spent auto-exploring this place.
 F = Levels seen in this place.
 G = Mean time per level.
                   A        B        C        D        E       F      G
               +--------+--------+--------+--------+--------+-----+--------+
         Total |    103 |    103 |      0 |      0 |      0 |   2 |   51.5 |
       Dungeon |    103 |    103 |      0 |      0 |      0 |   2 |   51.5 |
               +--------+--------+--------+--------+--------+-----+--------+

Top non-repeatable levels by time:
     D:4: 84 daAuts
     D:5: 19 daAuts
